 Dungeon Crawl Stone Soup version 0.23.2-40-g277498a001 (webtiles) character file.

Game seed: 43021205932605947

86429 Descartes the Protected (level 16, -3/127 HPs)
             Began as a Formicid Fighter on Sept 8, 2019.
             Was the Champion of Dithmenos.
             Slain by a spriggan rider
             ... wielding the +6 spear of Dissatisfaction {antimagic, rElec rPois Dex-5}
              (24 damage)
             ... on level 2 of the Lair of Beasts.
             The game lasted 01:49:29 (23679 turns).

Descartes the Protected (Formicid Fighter)         Turns: 23679, Time: 01:49:30

Health: -3/127     AC: 22    Str: 21    XL:     16   Next: 34%
Magic:  3/23       EV: 18    Int: 12    God:    Dithmenos [******]
Gold:   1990       SH:  0    Dex: 18    Spells: 22/23 levels left

rFire    + . .     SeeInvis +   x - +6 battleaxe of Objectivity {elec, rPois Dex+3}
rCold    x . .     Gourm    .   c - +1 shield
rNeg     . . .     Faith    .   C - +5 ring mail of Naepatuokh {*Contam rElec Int+2 Stlth+}
rPois    +         Spirit   .   (helmet unavailable)
rElec    +         Reflect  .   M - +1 cloak
rCorr    .         Harm     .   g - +2 pair of gloves
MR       +....     Clarity  +   V - +0 pair of boots
Stlth    ++++......             F - amulet of regeneration
HPRegen  0.71/turn              D - ring of fire
MPRegen  0.18/turn              B - +1 ring of evasion

@: confused, wreathed by umbra
A: permanent stasis, dig shafts and tunnels, four strong arms, antennae 3,
hooves 1, thin metallic scales 1, clarity, subdued magic 1
a: Dig, Shaft Self, Shadow Step, Shadow Form, Renounce Religion


You were on level 2 of the Lair of Beasts.
You worshipped Dithmenos.
Dithmenos was exalted by your worship.
You were near starving.

You visited 4 branches of the dungeon, and saw 23 of its levels.
You also visited: Sewer, Ossuary and Volcano.

You collected 1990 gold pieces.

Inventory:

Hand Weapons
 x - the +6 battleaxe of Objectivity (weapon) {elec, rPois Dex+3}
   (You found it on level 5 of the Lair of Beasts)

   Occasionally, upon striking a foe, it will discharge some electrical energy
   and cause terrible harm.
   It affects your dexterity (+3).
   It protects you from poison.
 H - a +5 war axe of chopping
 K - the +2 war axe "Xupack" {venom, -Tele Str+8 Int+3}
   (You found it on level 7 of the Dungeon)

   It poisons the flesh of those it strikes.
   It affects your strength (+8).
   It affects your intelligence (+3).
   It prevents most forms of teleportation.
 Q - a +0 battleaxe of flaming
Missiles
 n - 8 tomahawks (quivered)
 v - 81 stones
 G - 15 sling bullets
Armour
 c - a +1 shield (worn)
 g - a +2 pair of gloves (worn)
 h - a +2 chain mail of poison resistance
 i - +0 ice dragon scales
 z - a +0 scale mail of poison resistance
 A - +0 fire dragon scales
 C - the +5 ring mail of Naepatuokh (worn) {*Contam rElec Int+2 Stlth+}
   (You found it on level 5 of the Dungeon)

   It affects your intelligence (+2).
   It insulates you from electricity.
   It causes magical contamination when unequipped.
   It makes you more stealthy.
 M - a +1 cloak (worn)
 V - a +0 pair of boots (worn)
Jewellery
 B - a +1 ring of evasion (right hand)
 D - a ring of fire (left hand)
 F - an amulet of regeneration (around neck)
 I - an uncursed ring of stealth
 Y - an uncursed ring of poison resistance
Wands
 u - a wand of scattershot (8)
 P - a wand of flame (45)
 Z - a wand of iceblast (20)
Scrolls
 a - 3 scrolls of amnesia
 k - 4 scrolls of immolation
 m - 5 scrolls of enchant weapon
 q - 4 scrolls of enchant armour
 r - 3 scrolls of magic mapping
 t - 7 scrolls of fog
 w - 6 scrolls of remove curse
 y - a scroll of silence
 N - 2 scrolls of vulnerability
 R - 4 scrolls of identify
 U - 2 scrolls of fear
 W - a scroll of brand weapon
Potions
 b - 4 potions of brilliance
 d - 2 potions of might
 e - 2 potions of magic
 j - 14 potions of curing
 l - 4 potions of flight
 o - a potion of cancellation
 p - 3 potions of heal wounds
 s - 2 potions of ambrosia
 E - 3 potions of agility
 O - 2 potions of lignification
Miscellaneous
 X - a box of beasts
Comestibles
 f - 43 rations


   Skills:
 + Level 11.7 Fighting
   Level 1.5 Long Blades
 + Level 12.2 Axes
   Level 0.5(7.9) Maces & Flails
 + Level 13.5 Armour
 + Level 8.8 Dodging
 - Level 10.0 Stealth
 - Level 9.1 Shields
 + Level 4.2 Spellcasting
 - Level 10.0 Invocations
 + Level 9.3 Evocations


You had 22 spell levels left.
You knew the following spells:

 Your Spells              Type           Power        Failure   Level  Hunger
a - Magic Dart            Conj           #...         26%         1    None

Your spell library contained the following spells:

 Spells                   Type           Power        Failure   Level  Hunger
 Apportation              Tloc           #.....       26%         1    None
 Confusing Touch          Hex            #.....       26%         1    None
 Summon Butterflies       Summ           #.......     26%         1    None
 Poisonous Vapours        Pois/Air       #.....       38%         2    ##.....
 Swiftness                Chrm/Air       #.......     38%         2    ##.....
 Lesser Beckoning         Tloc           #.........   63%         3    ###....
 Static Discharge         Conj/Air       #.......     63%         3    ###....
 Tukima's Dance           Hex            #.......     63%         3    ###....
 Force Lance              Conj/Tloc      #.......     96%         4    ####...
 Ice Form                 Ice/Tmut       #.......     96%         4    ####...
 Leda's Liquefaction      Hex/Erth       #.........   96%         4    ####...
 Alistair's Intoxication  Tmut/Pois      #.......     100%        5    ######.
 Bolt of Draining         Conj/Necr      #.........   100%        5    ######.
 Metabolic Englaciation   Hex/Ice        #.........   100%        5    ######.
 Summon Mana Viper        Hex/Summ       #.......     100%        5    ######.
 Bolt of Cold             Conj/Ice       #.........   100%        6    #######
 Freezing Cloud           Conj/Ice/Air   #.........   100%        6    #######
 Invisibility             Hex            #.......     100%        6    #######
 Ozocubu's Refrigeration  Ice            #.........   100%        6    #######
 Simulacrum               Ice/Necr       #.........   100%        6    #######


Dungeon Overview and Level Annotations

Branches:
Dungeon (15/15)            Temple (1/1) D:7            Lair (6/6) D:11
 Shoals (0/4) Lair:4        Snake (0/4) Lair:4        Slime (1/5) Lair:6
    Orc (0/2) D:12         Vaults (0/5) D:14         Depths (0/5) D:15

Altars:
Ashenzari
Cheibriados
Dithmenos
Elyvilon
Fedhas
Gozag
Hepliaklqana
Kikubaaqudgha
Makhleb
Nemelex Xobeh
Okawaru
Qazlal
Ru
Sif Muna
Trog
Uskayaw
Vehumet
Wu Jian
Xom
Yredelemnul
Zin
The Shining One
Beogh

Shops:
D:8 }   D:12 (%[

Annotations:
D:12 exclusion: ice statue


Innate Abilities, Weirdness & Mutations

You cannot be hasted, slowed, berserked, paralysed or teleported.
You can dig through walls and to a lower floor.
Your four strong arms can wield two-handed weapons with a shield.
You have a pair of large antennae on your head. (SInv)
You have large cloven feet.
You are partially covered in thin metallic scales. (AC +2)
You possess an exceptional clarity of mind.
Your spells are a little easier to cast, but a little less powerful.


Message History

The spriggan rider hits you from afar with the +6 spear of Dissatisfaction {antimagic, rElec rPois Dex-5}!
* * * LOW HITPOINT WARNING * * *
You feel your power leaking away.
You hit barcode's ghost but do no damage.
Barcode's ghost is almost destroyed.
Your shadow hits barcode's ghost with a battleaxe.
Barcode's ghost casts a spell at you.
The magic dart hits you but does no damage.
You block the spriggan rider's attack.
Unknown command.
You slice barcode's ghost!!
Lightning courses through barcode's ghost!
You destroy barcode's ghost!
Dithmenos accepts your kill.
The spriggan rider hits you from afar with the +6 spear of Dissatisfaction {antimagic, rElec rPois Dex-5}.
* * * LOW HITPOINT WARNING * * *
You are confused.
You feel invigorated.
The spriggan rider hits you from afar with the +6 spear of Dissatisfaction {antimagic, rElec rPois Dex-5}!!
You die...

...............♣#+.##............
..............♣♣♣♣...............
..............♣[.♣♣♣♣............
..............#♣♣..♣♣♣...........
..............⌠#..♣.♣♣...........
...............#....♣♣...........
...............'.♣i..♣...####..##
##..###........#..)♣.♣...####.##.
#.#.####....P.⌠#@...$♣...#......#
#.....##......#♣..♣.♣♣....#......
#.....#.......♣).♣♣♣♣#...#.......
#.....##....#.♣♣♣♣.......#.......
##..........##...####............
P##+##......###.## #P......###.##
............#.#.####P....#.....##
<...........[....................
.................................


You could see a spriggan rider.

Vanquished Creatures
  A frost giant (D:12)
  The ghost of barcode the Grappler, a journeyman TrWz of Makhleb (Lair:2)
  A fire dragon (Lair:6)
  The ghost of Exodus22XD the Cleaver, a journeyman DsGl of Uskayaw (Lair:5)
  A yaktaur captain (D:15)
  An ogre mage (D:14)
  5 hydras
  2 ice dragons
  2 vault guards (D:14)
  A catoblepas (Lair:3)
  3 centaur warriors
  4 death yaks (Lair:6)
  10 two-headed ogres
  A tengu warrior (D:11)
  Urug (Lair:1)
  2 unseen horrors
  A hell knight (Volcano)
  A wizard (D:14)
  A lindwurm (Lair:6)
  A necromancer (D:14)
  Pikel (D:4)
  2 manticores (D:13)
  4 cyclopes
  5 elephants (Lair:4)
  4 molten gargoyles
  8 black mambas
  2 gargoyles
  6 spiny frogs
  A rime drake (shapeshifter) (D:13)
  2 centaur skeletons (D:12)
  6 rime drakes
  10 komodo dragons
  4 yaktaurs
  4 trolls
  3 meliai (D:14)
  A troll (shapeshifter) (D:12)
  Grinder (D:3)
  9 hippogriffs
  A snapping turtle (Lair:4)
  4 slime creatures (Lair:6)
  A wraith (D:14)
  A spriggan (Lair:2)
  4 water elementals
  30 yaks
  2 wyverns
  A vampire (D:13)
  2 fire bats (Volcano)
  20 humans (D:14)
  8 basilisks
  A hungry ghost (D:10)
  11 vampire mosquitoes
  An acid dragon (D:14)
  5 hell hounds (Lair:6)
  10 water moccasins
  2 hydra simulacra (Lair:5)
  5 porcupines
  8 orc warriors
  A sky beast (D:6)
  4 slaves (D:5)
  11 ice beasts
  A phantom (D:5)
  4 black bears (Lair:2)
  8 ogres
  An eye of draining (D:14)
  A boggart (Lair:2)
  11 wolves
  12 centaurs
  14 crocodiles
  An elf zombie (Ossuary)
  3 big kobolds (D:8)
  13 bullfrogs
  A wyvern zombie (D:12)
  3 spiny frog simulacra (Lair:5)
  A gnoll sergeant (D:7)
  A wyvern skeleton (D:14)
  2 scorpions
  9 killer bees
  9 wights
  A dream sheep simulacrum (Lair:5)
  8 electric eels
  2 howler monkeys
  10 lava snakes
  A torpor snail simulacrum (Lair:5)
  4 crimson imps
  A komodo dragon simulacrum (Lair:5)
  3 bullfrog zombies
  3 centaur zombies
  A quasit (D:8)
  6 hounds
  3 jellies
  2 bullfrog skeletons
  3 human zombies (Ossuary)
  8 orc priests
  22 orc wizards
  An iguana (D:4)
  5 worker ants
  2 big kobold zombies (Ossuary)
  3 hound zombies
  3 mummies (Ossuary)
  19 adders
  14 gnolls
  2 shadow imps
  An ooze (D:3)
  11 adder zombies
  7 worms
  2 dart slugs
  3 leopard geckos
  52 orcs
  2 ball pythons
  10 bats
  8 giant cockroaches
  8 goblins
  9 hobgoblins
  9 jackals
  16 kobolds
  6 quokkas
  7 frilled lizards
  2 gnoll zombies (Ossuary)
  A goblin zombie (Ossuary)
  4 hobgoblin zombies (Ossuary)
  3 jackal zombies (Ossuary)
  4 kobold zombies (Ossuary)
  A leopard gecko skeleton (D:5)
  An orc zombie (Ossuary)
  3 rats
  4 rat zombies
  2 plants
645 creatures vanquished.

Vanquished Creatures (others)
  4 plants
4 creatures vanquished.

Grand Total: 649 creatures vanquished

Notes
Turn   | Place    | Note
-------+----------+-------------------------------------------
     0 | D:1      | Descartes the Formicid Fighter began the quest for the Orb.
     0 | D:1      | Reached XP level 1. HP: 18/18 MP: 1/1
   525 | D:1      | Reached XP level 2. HP: 24/24 MP: 2/2
   802 | D:2      | Reached XP level 3. HP: 29/29 MP: 3/3
  1114 | D:2      | Reached XP level 4. HP: 32/36 MP: 4/4
  1330 | D:2      | Reached XP level 5. HP: 40/42 MP: 5/5
  1556 | D:3      | Found a glowing drain.
  1574 | Sewer    | Entered a sewer
  1633 | Sewer    | Noticed a crocodile
  1642 | Sewer    | Killed a crocodile
  1642 | Sewer    | Reached skill level 4 in Armour
  1642 | Sewer    | Reached XP level 6. HP: 11/49 MP: 6/6
  1654 | Sewer    | Identified Vejung's Incunabulum of Confrontation
  1948 | D:3      | Noticed Grinder
  1995 | D:3      | Killed Grinder
  1995 | D:3      | Reached skill level 1 in Dodging
  1995 | D:3      | Reached skill level 5 in Shields
  1995 | D:3      | Reached XP level 7. HP: 33/55 MP: 5/7
  2540 | D:4      | Reached skill level 5 in Axes
  2738 | D:4      | Reached XP level 8. HP: 61/61 MP: 8/8
  3498 | D:5      | Entered Level 5 of the Dungeon
  3561 | D:5      | Found a sand-covered staircase.
  3577 | Ossuary  | Entered an ossuary
  3591 | Ossuary  | Reached skill level 5 in Fighting
  4090 | D:5      | Reached XP level 9. HP: 68/68 MP: 9/9
  4248 | D:5      | Got a slimy ring mail
  4259 | D:5      | Identified the +5 ring mail of Naepatuokh {*Contam rElec
                  | Int+2 Stlth+} (You found it on level 5 of the Dungeon)
  4305 | D:5      | Reached skill level 5 in Armour
  4488 | D:5      | Noticed Pikel
  4708 | D:5      | Gained mutation: You are weak. (Str -2) [mutagenic glow]
  4908 | D:4      | Killed Pikel
  5693 | D:6      | Reached skill level 1 in Long Blades
  6271 | D:7      | Got an ebony war axe
  6280 | D:7      | Identified the +2 war axe "Xupack" {venom, -Tele Str+8
                  | Int+3} (You found it on level 7 of the Dungeon)
  6369 | D:7      | Reached skill level 1 in Stealth
  6378 | D:7      | Reached XP level 10. HP: 69/77 MP: 10/10
  6385 | D:7      | Found a staircase to the Ecumenical Temple.
  6447 | Temple   | Entered the Ecumenical Temple
  6602 | Temple   | Became a worshipper of Dithmenos the Shadowed
  6867 | D:7      | Found a radiant altar of Vehumet.
  6868 | D:7      | Found a burning altar of Makhleb.
  6936 | D:7      | Found an iron altar of Okawaru.
  6943 | D:7      | Reached skill level 6 in Armour
  7043 | D:8      | Found a radiant altar of Vehumet.
  7135 | D:8      | Found Hehamefu's Gadget Boutique.
  7199 | D:8      | Found a sparkling altar of Nemelex Xobeh.
  7199 | D:8      | Found an ornate altar of the Wu Jian Council.
  7199 | D:8      | Found a shattered altar of Ashenzari.
  7199 | D:8      | Found a white marble altar of Elyvilon.
  7205 | D:8      | Found a glowing silver altar of Zin.
  7205 | D:8      | Found a snail-covered altar of Cheibriados.
  7269 | D:8      | Reached * piety under Dithmenos
  7269 | D:8      | Reached skill level 1 in Invocations
  7401 | D:8      | Noticed a two-headed ogre
  7412 | D:8      | Killed a two-headed ogre
  7568 | D:8      | Lost mutation: You are weak. (Str -2) [potion of mutation]
  7568 | D:8      | Gained mutation: You are weak. (Str -2) [potion of
                  | mutation]
  7568 | D:8      | Gained mutation: You are robust. (+10% HP) [potion of
                  | mutation]
  7611 | D:9      | Found a sacrificial altar of Ru.
  8037 | D:9      | Noticed a two-headed ogre
  8053 | D:9      | Killed a two-headed ogre
  8053 | D:9      | Reached skill level 1 in Evocations
  8134 | D:9      | Reached XP level 11. HP: 92/92 MP: 13/13
  8147 | D:9      | Reached skill level 7 in Armour
  8251 | D:10     | Entered Level 10 of the Dungeon
  8523 | D:10     | Reached ** piety under Dithmenos
  9001 | D:10     | Noticed a two-headed ogre
  9013 | D:10     | Killed a two-headed ogre
  9576 | D:11     | Noticed an eight-headed hydra
  9589 | D:11     | Killed an eight-headed hydra
  9589 | D:11     | Reached skill level 5 in Dodging
  9589 | D:11     | Reached skill level 5 in Stealth
  9701 | D:11     | Got an ebony quarterstaff
  9702 | D:11     | Identified the +5 quarterstaff of Governance {antimagic,
                  | Str+2} (You found it on level 11 of the Dungeon)
  9723 | D:11     | Reached skill level 5 in Invocations
  9769 | D:11     | Found a staircase to the Lair.
 10038 | D:11     | Noticed a tengu warrior
 10053 | D:11     | Killed a tengu warrior
 10228 | D:12     | Reached XP level 12. HP: 94/103 MP: 14/16
 10255 | D:12     | Found Fiokaaf's Antique Armour Emporium.
 10280 | D:12     | Found Larphus's Food Shop.
 10283 | D:12     | Found Mijy's Antique Weapon Boutique.
 10340 | D:12     | Noticed an unseen horror
 10347 | D:12     | Killed an unseen horror
 10347 | D:12     | Reached skill level 10 in Axes
 10347 | D:12     | Reached skill level 8 in Armour
 10407 | D:12     | Reached *** piety under Dithmenos
 10517 | D:11     | Reached skill level 5 in Evocations
 10677 | D:12     | Noticed a frost giant
 10929 | D:11     | Lost mutation: You are robust. (+10% HP) [potion of
                  | mutation]
 10929 | D:11     | Lost mutation: You are weak. (Str -2) [potion of mutation]
 10929 | D:11     | Gained mutation: You are somewhat resistant to further
                  | mutation. [potion of mutation]
 10929 | D:11     | Gained mutation: Your spells are a little harder to cast,
                  | but a little more powerful. [potion of mutation]
 10944 | D:12     | Killed a frost giant
 11342 | D:12     | Found a staircase to the Orcish Mines.
 11353 | D:12     | Found a roughly hewn altar of Beogh.
 11775 | D:12     | Noticed an ice dragon
 11909 | D:12     | Killed an ice dragon
 12542 | D:13     | Noticed a two-headed ogre
 12549 | D:13     | Killed a two-headed ogre
 12549 | D:13     | Reached XP level 13. HP: 90/101 MP: 16/18
 12634 | D:13     | Reached **** piety under Dithmenos
 12660 | D:13     | Reached skill level 9 in Armour
 13192 | D:13     | Reached skill level 12 in Armour
 13192 | D:13     | Reached XP level 14. HP: 109/109 MP: 19/19
 13195 | D:13     | Learned a level 1 spell: Magic Dart
 13642 | D:14     | Reached skill level 10 in Fighting
 14938 | D:14     | Reached ***** piety under Dithmenos
 15736 | D:14     | Found a gate to the Vaults.
 15967 | D:15     | Entered Level 15 of the Dungeon
 16175 | D:15     | Identified the Grimoire of the Birds and Beguiling
 16207 | D:15     | Found a shadowy altar of Dithmenos.
 16313 | D:15     | Reached XP level 15. HP: 113/117 MP: 21/21
 16541 | D:15     | Found a staircase to the Depths.
 16572 | D:15     | Lost mutation: Your spells are a little harder to cast, but
                  | a little more powerful. [potion of mutation]
 16572 | D:15     | Lost mutation: You are somewhat resistant to further
                  | mutation. [potion of mutation]
 16572 | D:15     | Gained mutation: You have large cloven feet. [potion of
                  | mutation]
 16572 | D:15     | Gained mutation: Your spells are a little easier to cast,
                  | but a little less powerful. [potion of mutation]
 16572 | D:15     | Gained mutation: You possess an exceptional clarity of
                  | mind. [potion of mutation]
 16572 | D:15     | Gained mutation: You are partially covered in thin metallic
                  | scales. (AC +2) [potion of mutation]
 16769 | Lair:1   | Entered Level 1 of the Lair of Beasts
 17133 | Lair:1   | Noticed Urug
 17149 | Lair:1   | Killed Urug
 17544 | Lair:2   | Found a runed translucent door.
 17545 | Lair:2   | Noticed barcode's ghost (journeyman TrWz)
 17605 | Lair:2   | Identified the +6 spear of Dissatisfaction {antimagic,
                  | rElec rPois Dex-5}
 18367 | Lair:3   | Found a dark tunnel.
 18376 | Volcano  | Entered a volcano
 18606 | Volcano  | Found a bloodstained altar of Trog.
 18620 | Volcano  | Reached skill level 1 in Spellcasting
 18968 | Lair:3   | Got a crude buckler
 18979 | Lair:3   | Identified the cursed +0 buckler of Protective Custody
                  | {*Corrode +Inv Str+6} (You found it on level 3 of the Lair
                  | of Beasts)
 19055 | Lair:3   | You fall through a shaft for 2 floors!
 19206 | Lair:5   | Noticed Exodus22XD's ghost (journeyman DsGl)
 19238 | Lair:5   | Found a runed translucent gate.
 19238 | Lair:5   | Found a runed translucent gate.
 19238 | Lair:5   | Found a runed translucent gate.
 19340 | Lair:5   | Reached skill level 10 in Stealth
 19791 | Lair:4   | Reached skill level 13 in Armour
 19917 | Lair:4   | Found a staircase to the Snake Pit.
 20097 | Lair:4   | Found a staircase to the Shoals.
 21606 | Lair:5   | Killed Exodus22XD's ghost
 21759 | Lair:5   | Got an ancient battleaxe
 21761 | Lair:5   | Identified the +6 battleaxe of Objectivity {elec, rPois
                  | Dex+3} (You found it on level 5 of the Lair of Beasts)
 21999 | Lair:6   | Entered Level 6 of the Lair of Beasts
 22188 | Lair:6   | Reached skill level 10 in Invocations
 22189 | Lair:6   | Reached XP level 16. HP: 96/125 MP: 23/23
 22440 | Lair:6   | Reached ****** piety under Dithmenos
 22933 | Lair:6   | Found a large runed translucent door.
 22942 | Lair:6   | Found a large runed translucent door.
 23138 | Lair:6   | Found a staircase to the Slime Pits.
 23312 | Slime:1  | Entered Level 1 of the Pits of Slime
 23677 | Lair:2   | Killed barcode's ghost
 23679 | Lair:2   | Slain by a spriggan rider

Skill      XL: |  1  2  3  4  5  6  7  8  9 10 11 12 13 14 15 16 |
---------------+-------------------------------------------------+-----
Shields        | 4 5 6 8 9 |  9.1
Axes           | 3 4 5 7 8 9 10 11 12 | 12.2
Fighting       | 4 5 6 7 8 9 10 11 | 11.7
Armour         | 4 5 6 7 8 12 13 | 13.5
Dodging        | 1 2 4 5 6 7 8 |  8.8
Long Blades    | 1 |  1.5
Stealth        | 1 3 5 7 8 9 10 | 10.0
Invocations    | 3 5 7 8 10 | 10.0
Evocations     | 1 4 5 6 7 8 9 |  9.3
Spellcasting   | 3 4 |  4.2
Maces & Flails | |  0.5

Action                   |  1- 3 |  4- 6 |  7- 9 | 10-12 | 13-15 | 16-18 || total
-------------------------+-------+-------+-------+-------+-------+-------++-------
Melee: War axe           |   118 |   136 |   375 |   567 |   649 |    23 ||  1868
       Great sword       |       |       |    97 |       |       |       ||    97
       Whip              |       |       |       |     6 |       |       ||     6
       Battleaxe         |       |       |       |       |   238 |   106 ||   344
Throw: Tomahawk          |       |       |       |       |     1 |       ||     1
 Abil: Dig               |       |     2 |     4 |    27 |     3 |     3 ||    39
Evoke: Wand              |       |       |       |       |     1 |       ||     1
       Phial of floods   |       |       |       |       |     1 |       ||     1
  Use: Scroll            |       |    11 |     9 |     5 |    11 |     1 ||    37
       Potion            |       |       |       |     3 |     6 |     2 ||    11
 Stab: Sleeping          |       |       |     3 |    16 |    52 |     3 ||    74
       Distracted        |       |       |       |     1 |     3 |     1 ||     5
  Eat: Chunk             |     1 |     3 |    16 |    25 |    29 |     4 ||    78
       Ration            |       |       |       |     1 |     1 |       ||     2
Armor: Scale mail        |    62 |    59 |   120 |       |     8 |       ||   249
       Ring mail         |       |       |    63 |   151 |   160 |    29 ||   403
       Ice dragon scales |       |       |       |       |    49 |       ||    49
       Chain mail        |       |       |       |       |    12 |       ||    12
Dodge: Dodged            |    35 |    49 |   160 |   298 |   466 |   102 ||  1110
Block: Shield            |    81 |    84 |   303 |   425 |   531 |    82 ||  1506
       Rpst.: Great sword |       |       |    11 |       |       |       ||    11
